 Dungeon Crawl Stone Soup version 0.30.0-30-g96aa6591b8 (webtiles) character file.

Game seed: 4208857460181851680

9 hawla the Firebug (level 2, 0/20 HPs)
             Began as a Meteoran Fire Elementalist on June 26, 2023.
             Killed by nerve-wracking pain
             ... invoked by Grinder
              (2 damage)
             ... on level 3 of the Dungeon.
             The game lasted 00:01:50 (200 turns).

hawla the Firebug (Meteoran Fire Elementalist)       Turns: 200, Time: 00:01:51

Health: 0/20       AC:  2    Str:  9    XL:     2   Next: 41%
Magic:  0/7        EV: 12    Int: 16    God:
Gold:   25         SH:  0    Dex: 14    Spells: 4/7 levels left

rFire   . . .        (no weapon)
rCold   . . .        (no shield)
rNeg    . . .        a - +0 robe
rPois   .            (no helmet)
rElec   .            (no cloak)
rCorr   .            (no gloves)
SInv    .            (no boots)
Will    .....        (no amulet)
Stlth   +            (no ring)
HPRegen 0.23/turn    (no ring)
MPRegen 0.10/turn

%: no passive effects
@: glowing
A: sense surroundings 1, otherworldly, glowing, explore regen
a: no special abilities


You were on level 3 of the Dungeon.
You visited 1 branch of the dungeon, and saw 3 of its levels.

You collected 25 gold pieces.

Inventory:

Armour
 a - a +0 robe (worn)
Scrolls
 c - a scroll of magic mapping


   Skills:
 + Level 2.6 Dodging
 - Level 1.4 Stealth
 + Level 3.0 Spellcasting
 + Level 1.2 Conjurations
 + Level 4.0 Fire Magic


You had 4 spell levels left.
You knew the following spells:

 Your Spells              Type           Power      Damage    Failure   Level
a - Foxfire               Conj/Fire      40%        2x1d6     6%          1
b - Scorch                Fire           30%        2d6       5%          2

Your spell library contained the following spells:

 Spells                   Type           Power      Damage    Failure   Level
 Inner Flame              Hex/Fire       8%         N/A       24%         3
 Volatile Blastmotes      Fire/Tloc      16%        2d11      24%         3
 Passwall                 Tmut/Erth      1%         N/A       28%         2
 Flame Wave               Conj/Fire      10%        2d6       54%         4
 Lee's Rapid Deconstruct  Erth           1%         3d4*      99%         5
 Shatter                  Erth           1%         3d5*      100%        9


Dungeon Overview and Level Annotations

Branches:
Dungeon (3/15) Zot: 1599

Altars:

Annotations:
D:3 Grinder, Ijyb


Innate Abilities, Weirdness & Mutations

You passively map a small area around you.
You are easily found by Zot.
You glow in the dark.
You regain HP and MP as you explore.


Message History

Grinder is severely wounded.
The foxfire hits Grinder.
Grinder is burned terribly!
Grinder is almost dead.
The foxfire hits Grinder.
Grinder is burned terribly!
Grinder is almost dead.
Grinder hits you!
You writhe in agony.
You aren't carrying any potions.
Grinder barely misses you.
You open the door.
Ijyb the Twisted Goblin comes into view.
She is wielding a +0 dagger and carrying a wand of iceblast (5).
Ijyb shouts!
Grinder barely misses you. Ijyb screams, "I no like you!"
There is an open door here.
Casting: Foxfire (safe; 6% risk of failure)
Confirm with . or Enter, or press ? or * to list all spells.
You conjure some foxfire!
Grinder completely misses you.
You hit Grinder but do no damage.
Grinder is almost dead.
The foxfire hits Ijyb.
Ijyb is lightly wounded.
The foxfire hits Ijyb but does no damage.
Ijyb is lightly wounded.
Ijyb screams, "No!
No, no, no, no!"
Ijyb closely misses you. Grinder hits you but does no damage.
Unknown command.
As you read the scroll labelled TATUATOIGH, it crumbles to dust.
It is a scroll of identify.
c - a scroll of magic mapping Grinder is no longer more vulnerable to fire.
Grinder gestures at you. Pain shoots through your body!
Ouch! That really hurt!
* * * LOW HITPOINT WARNING * * *
Ijyb hits you with a +0 dagger.
* * * LOW HITPOINT WARNING * * *
Grinder says, "I used to sell toenails on the black market."
Grinder gestures at you. Pain shoots through your body!
You die...

, ..# * * *#.# * * #.# ,
#.# , #.# #########
#######.######.......#
,............##.......#
#########.###..5.g.....+
*
............#.##@......#
#####)..#.#.#..........#,
# #.#.#.#.#....#...##. #
#.#.#.#,#....#...# #
#.#.#.# #....#...# * #
#.#.#.#,#....+ ...+ * #
#.#.#.# #....# ..##, , #
#.#.#<#,#....+ ,.. #
#.#.#.#,*


You could see Grinder and Ijyb.

Vanquished Creatures
  A goblin (D:3)
  A hobgoblin (D:1)
  3 jackals (D:1)
  A quokka (D:3)
  A bat (D:1)
  A rat (D:3)
8 creatures vanquished.

Vanquished Creatures (others)
  27 foxfires
27 creatures vanquished.

Grand Total: 35 creatures vanquished

Notes
Turn   | Place    | Note
-------+----------+-------------------------------------------
     0 | D:1      | hawla the Meteoran Fire Elementalist began the quest for
                  | the Orb.
     0 | D:1      | Reached XP level 1. HP: 14/14 MP: 5/5
    35 | D:1      | Got the Collected Works on the Scorched Fjord
    61 | D:1      | Reached XP level 2. HP: 19/20 MP: 4/6
    64 | D:1      | Learned a level 2 spell: Scorch
   145 | D:3      | Reached skill level 4 in Fire Magic
   184 | D:3      | Noticed Grinder
   194 | D:3      | Noticed Ijyb
   199 | D:3      | HP: 1/20 [Ijyb/+0 dagger (1)]
   200 | D:3      | Killed from afar by Grinder

Illustrated notes

Levels and vault maps discovered:
D:1:      saegor_arrival_simple_e, layout_loops_ring
D:2:      layout_basic, chequers_ecumenical_altar_island, basic_altar,
          serial_bayou_pond_a
D:3:      layout_basic, regret_index_temple_of_mockery,
          mainiacjoe_overflow_alcove_4, slow_altar_2, uniq_ijyb, uniq_grinder

Skill      XL: |  1  2 |
---------------+-------+-----
Fire Magic     | 4 |  4.0
Spellcasting   | 3 |  3.0
Dodging        | |  2.6
Stealth        | |  1.4
Conjurations   | |  1.2

Action                     || total
---------------------------++-------
  Melee: Unarmed           ||     6
   Cast: Foxfire           ||    17
         Scorch            ||     3
    Use: Potion            ||     1
         Scroll            ||     1
 Armour: Robe              ||     2
  Dodge: Dodged            ||    11
